Map: Orbital Shipyard

Players

LiquidTLO (TLO)

  • Race: Zerg Zerg
  • League: Grandmaster

MelloW (Nina) - Winner!

  • Race: Protoss Protoss
  • League: Grandmaster

Event: DreamHack ROCCAT LotV Championship

VOD

Have the link to the VOD?

Description

Time

  • Played on: Nov. 27, 2015, 5:15 a.m.
  • Length: 8:05

All games in this series

Show
View Real Time Build Order
Export as new Build Order

LiquidTLO Zerg 

Build Orders: 3 Hatch before Pool 

Get SALT Encoding   

  12  0:01  Drone  
  13  0:12  Overlord  
  13  0:17  Drone  
  14  0:30  Drone  
  14  0:31  Drone  
  16  0:49  Hatchery  
  15  0:52  Drone  
  15  0:56  Drone  
  17  0:58  Drone  
  18  1:20  Hatchery  
  18  1:23  Drone  
  18  1:34  Spawning Pool  
  18  1:37  Drone  
  18  1:40  Drone  
  18  1:45  Drone  
  20  1:49  Drone  
  21  2:01  Drone  
  21  2:02  Drone  
  23  2:13  Overlord, Drone  
  24  2:23  Queen x2  
  28  2:32  Drone, Queen  
  28  2:33  Drone x2  
  28  2:34  Drone  
  28  2:36  Drone  
  35  2:43  Overlord  
  35  2:45  Drone  
  35  2:46  Drone  
  37  2:57  Drone x2  
  39  2:58  Queen  
  39  3:00  Extractor  
  39  3:02  Queen, Extractor  
  39  3:05  Drone  
  42  3:09  Queen  
  44  3:14  Zergling x6  
  44  3:16  Zergling x2  
  44  3:19  Overlord  
  48  3:21  Drone  
  49  3:29  Evolution Chamber, Overlord  
  49  3:30  Drone  
  49  3:31  Drone  
  50  3:39  Drone x2  
  50  3:40  Drone  
  53  3:42  Drone x3  
  53  3:45  Drone  
  53  3:48  Drone  
  58  3:49  Drone  
  58  3:52  Drone  
  58  3:54  Drone x2  
  62  3:58  Zerg Melee Weapons Level 1  
  62  4:02  Spore Crawler  
  61  4:03  Extractor  
  61  4:04  Drone, Extractor  
  61  4:08  Drone  
  61  4:10  Drone  
  61  4:12  Drone  
  61  4:13  Lair  
  61  4:15  Drone  
  61  4:16  Drone  
  65  4:18  Overlord  
  65  4:22  Overlord  
  65  4:25  Metabolic Boost  
  65  4:26  Drone  
  66  4:31  Spore Crawler, Overlord  
  66  4:36  Overlord  
  65  4:40  Zergling x4  
  65  4:41  Drone  
  65  4:43  Drone  
  65  4:44  Drone  
  70  4:49  Drone  
  70  4:50  Drone, Baneling Nest  
  70  4:51  Drone  
  70  4:52  Drone  
  73  4:53  Drone x2  
  73  4:55  Drone  
  76  5:01  Drone x2, Extractor  
  76  5:02  Extractor  
  76  5:03  Drone x2  
  76  5:04  Drone  
  79  5:13  Spire  
  78  5:16  Drone x3  
  78  5:17  Zergling x4  
  78  5:18  Zergling x2  
  78  5:20  Zergling x2  
  85  5:21  Spine Crawler  
  85  5:22  Zergling x2  
  85  5:33  Baneling  
  85  5:34  Baneling  
  85  5:35  Baneling x6  
  85  5:37  Zergling x2  
  85  5:38  Zergling x8  
  85  5:40  Zergling x2  
  85  5:41  Zergling x4  
  85  5:42  Zergling x2  
  90  5:44  Zergling x2  
  90  5:47  Queen x3  
  90  5:48  Zergling x2  
  93  5:51  Zergling x2  
  95  5:57  Zergling x2  
  95  5:59  Nydus Network  
  91  6:12  Overlord  
  91  6:13  Overlord  
  91  6:15  Zergling x2  
  91  6:16  Zergling x2  
  92  6:21  Zergling x10  
  92  6:22  Pneumatized Carapace, Queen  
  92  6:24  Zergling x2  
  98  6:30  Queen  
  98  6:31  Zergling x2  
  101  6:33  Zergling x2  
  101  6:35  Zergling x2  
  101  6:37  Zergling x2  
  98  6:45  Zergling x2  
  94  6:50  Nydus Canal  
  91  6:54  Overlord x2  
  91  6:55  Baneling  
  91  6:56  Baneling x2  
  91  6:57  Spine Crawler  
  91  6:59  Overlord, Spine Crawler x2  
  86  7:15  Zergling x18  
  88  7:20  Zergling x2  
  82  7:27  Mutalisk  
  84  7:32  Hatchery, Mutalisk  
  84  7:35  Mutalisk  
  83  7:48  Nydus Canal  
  87  7:55  Spine Crawler  
Show
View Real Time Build Order
Export as new Build Order

MelloW Protoss - Winner!

Build Orders: Nexus First 

Get SALT Encoding   

  12  0:01  Probe (Chrono Boost)  
  13  0:11  Probe (Chrono Boost)  
  14  0:21  Pylon  
  14  0:23  Probe (Chrono Boost)  
  15  0:39  Probe (Chrono Boost)  
  16  0:50  Probe (Chrono Boost)  
  17  0:59  Nexus  
  17  1:01  Probe (Chrono Boost)  
  18  1:10  Gateway  
  18  1:14  Probe (Chrono Boost)  
  19  1:21  Assimilator  
  19  1:24  Probe (Chrono Boost)  
  20  1:31  Assimilator  
  20  1:35  Probe (Chrono Boost)  
  21  1:41  Pylon  
  21  1:45  Probe (Chrono Boost)  
  22  1:56  Probe (Chrono Boost)  
  22  1:59  Gateway  
  23  2:02  Cybernetics Core  
  23  2:06  Probe (Chrono Boost)  
  24  2:11  Probe (Chrono Boost)  
  25  2:17  Probe (Chrono Boost)  
  25  2:22  Probe (Chrono Boost)  
  27  2:27  Probe (Chrono Boost)  
  28  2:32  Probe (Chrono Boost)  
  29  2:38  Probe (Chrono Boost), Warp Gate (Chrono Boost)  
  29  2:39  Adept (Chrono Boost)  
  29  2:43  Probe (Chrono Boost)  
  33  2:47  Adept (Chrono Boost)  
  33  2:48  Probe  
  36  2:54  Probe (Chrono Boost)  
  36  2:56  Robotics Facility  
  37  3:02  Mothership Core (Chrono Boost)  
  39  3:06  Probe (Chrono Boost)  
  39  3:11  Sentry  
  42  3:16  Probe (Chrono Boost)  
  42  3:17  Pylon  
  43  3:21  Probe (Chrono Boost)  
  44  3:27  Probe (Chrono Boost)  
  44  3:32  Probe (Chrono Boost), Gateway  
  46  3:34  Gateway  
  46  3:38  Probe (Chrono Boost)  
  46  3:39  Sentry  
  49  3:42  Probe (Chrono Boost)  
  54  3:49  Warp Prism (Chrono Boost)  
  54  3:51  Probe  
  54  3:55  Pylon  
  53  3:56  Assimilator  
  53  4:01  Assimilator  
  53  4:06  Gateway  
  53  4:07  Probe  
  54  4:11  Gateway, Probe  
  54  4:15  Gateway  
  55  4:19  Probe  
  55  4:21  Observer (Chrono Boost)  
  57  4:27  Probe  
  58  4:33  Pylon  
  58  4:35  Pylon x2  
  58  4:38  Pylon x2  
  58  4:42  Observer  
  59  4:52  Adept x4  
  67  5:04  Adept  
  69  5:12  Adept x2  
  69  5:13  Adept x4  
  81  5:21  Pylon  
  81  5:44  Adept x3  
  81  5:45  Adept x3  
  81  5:48  Adept  
  89  5:57  Robotics Bay  
  89  6:03  Sentry x2  
  93  6:09  Adept x2  
  93  6:10  Adept x2  
  101  6:12  Probe  
  102  6:27  Nexus  
  102  6:28  Stalker x2  
  102  6:29  Pylon  
  102  6:31  Pylon  
  106  6:35  Stalker x2  
  110  6:46  Stalker x2  
  108  6:49  Disruptor (Chrono Boost)  
  108  6:50  Probe  
  112  6:57  Sentry  
  114  7:04  Pylon  
  108  7:17  Probe  
  108  7:20  Disruptor (Chrono Boost)  
  108  7:21  Forge  
  108  7:22  Stalker x3  
  116  7:27  Probe  
  117  7:33  Sentry  
  117  7:34  Sentry  
  107  7:48  Probe x2  
  109  7:51  Adept  
  109  7:52  Adept x3  
  109  7:55  Pylon  
  109  7:56  Adept  
  109  7:57  Pylon  

Tags
 
Add a new tag
Caveats
  • Supply blocks, unpowered buildings, or Contaminate may cause inaccurate times.
  • Supply counts are checked every 10 seconds.